 Dungeon Crawl Stone Soup version 0.23-a0-143-g1adec7b (webtiles) character file.

505 Inarius the Cutter (level 7, -3/47 HPs)
             Began as a Halfling Fighter on Sept 2, 2018.
             Was an Initiate of Dithmenos.
             Killed by nerve-wracking pain
             ... invoked by an orc priest
              (7 damage)
             ... on level 4 of the Dungeon.
             The game lasted 00:09:26 (3659 turns).

Inarius the Cutter (Halfling Fighter)               Turns: 3659, Time: 00:09:27

Health: -3/47      AC:  8    Str: 19    XL:     7   Next: 41%
Magic:  2/2        EV: 10    Int:  6    God:    Dithmenos [......]
Gold:   188        SH: 10    Dex: 17    Spells: 6/6 levels left

rFire    . . .     SeeInvis .   a - +2 dagger (antimagic)
rCold    . . .     Gourm    .   c - +0 shield
rNeg     . . .     Faith    .   m - +0 scale mail
rPois    .         Spirit   .   d - +0 helmet
rElec    .         Reflect  .   (no cloak)
rCorr    .         Harm     .   (no gloves)
MR       .....                  (no boots)
Stlth    ..........             (no amulet)
HPRegen  0.15/turn              k - +3 ring of dexterity
MPRegen  0.08/turn              (no ring)

@: no status effects
A: small, mutation resistance 1
a: Renounce Religion


You were on level 4 of the Dungeon.
You worshipped Dithmenos.
Dithmenos was noncommittal.
You were not hungry.

You visited 2 branches of the dungeon, and saw 5 of its levels.

You collected 188 gold pieces.

Inventory:

Hand Weapons
 a - a +2 antimagic dagger (weapon)
 b - a +0 hunting sling
 o - a +0 rapier
Missiles
 e - a throwing net (quivered)
 n - 117 stones
Armour
 c - a +0 shield (worn)
 d - a +0 helmet (worn)
 m - a +0 scale mail (worn)
Jewellery
 k - a +3 ring of dexterity (left hand)
Wands
 r - a wand of acid (10)
 v - a wand of flame (9)
Scrolls
 h - 2 scrolls of enchant armour {unknown}
 j - 4 scrolls of teleportation
 p - a scroll of fog {unknown}
 t - 2 scrolls of identify {unknown}
Potions
 g - a potion of magic {unknown}
 i - a potion of lignification {unknown}
 l - a potion of degeneration {unknown}
 q - a potion of experience {unknown}
 s - a potion of mutation {unknown}
Comestibles
 f - a ration
 u - 24 chunks of flesh


   Skills:
 + Level 3.8 Fighting
 + Level 5.2 Short Blades
 + Level 3.9 Slings
 + Level 4.4 Armour
 + Level 2.1 Dodging
 + Level 4.4 Shields


You had 6 spell levels left.
You didn't know any spells.
Your spell library was empty.

Dungeon Overview and Level Annotations

Branches:
Dungeon (4/15)             Temple (1/1) D:4

Altars:
Ashenzari
Cheibriados
Dithmenos
Elyvilon
Fedhas
Gozag
Hepliaklqana
Makhleb
Okawaru
Qazlal
Ru
Vehumet
Wu Jian


Innate Abilities, Weirdness & Mutations

You are small and have problems with some larger weapons.
You are somewhat resistant to further mutation.


Message History

The orc priest is almost dead.
You block the orc's attack.
The orc priest looks braver for a moment.
You hit the orc priest but do no damage.
The orc priest is almost dead.
The orc priest mumbles some strange prayers to Beogh against you.
Beogh smites you!
* * * LOW HITPOINT WARNING * * *
The orc hits you but does no damage.
You hit the orc priest but do no damage.
The orc priest is almost dead.
You barely miss the orc priest.
The orc priest is almost dead.
The orc priest hits you but does no damage.
The orc misses you.
You hit the orc priest.
The orc priest is almost dead.
The orc priest invokes the aid of Beogh against you.
Pain shoots through your body!
You die...

#..... #.... #.....
#.((. #..... #....
#..... .... #..... ..(
###+## #####.##.## ....
. .....##.o### #.##
.##....##.o@.###+## #
......##.)........ #
#....####......## #
#....# #......## #
#....####.......# #
#######....'...########
# #.....#....###.# ##
#.....#.#......## #.
#.....#.#..#)#.. ##


You could see an orc priest and an orc.

Vanquished Creatures
  A phantom (D:3)
  A centaur skeleton (D:4)
  3 orc wizards
  2 orc priests
  A worker ant (D:2)
  8 gnolls
  4 adders
  3 worms
  A dart slug (D:3)
  4 leopard geckos
  14 orcs
  7 bats
  4 giant cockroaches
  5 goblins
  8 hobgoblins
  2 quokkas
  A ball python (D:1)
  3 frilled lizards (D:1)
  9 kobolds
  6 rats
87 creatures vanquished.

Notes
Turn   | Place    | Note
-------+----------+-------------------------------------------
     0 | D:1      | Inarius the Halfling Fighter began the quest for the Orb.
     0 | D:1      | Reached XP level 1. HP: 15/15 MP: 1/1
   110 | D:1      | Reached XP level 2. HP: 20/20 MP: 2/2
   333 | D:1      | Reached XP level 3. HP: 25/25 MP: 3/3
   644 | D:1      | Reached skill level 3 in Short Blades
   931 | D:2      | Reached XP level 4. HP: 30/30 MP: 4/4
  1175 | D:2      | Reached skill level 1 in Dodging
  1416 | D:1      | Reached XP level 5. HP: 24/36 MP: 5/5
  1712 | D:2      | Found a snail-covered altar of Cheibriados.
  1992 | D:3      | Found an ornate altar of the Wu Jian Council.
  2285 | D:3      | Reached skill level 1 in Slings
  2763 | D:2      | Reached skill level 4 in Short Blades
  2763 | D:2      | Reached XP level 6. HP: 42/42 MP: 2/6
  2810 | D:3      | Noticed a phantom
  2851 | D:3      | Killed a phantom
  3220 | D:4      | Found a blossoming altar of Fedhas.
  3233 | D:4      | Reached XP level 7. HP: 33/47 MP: 2/7
  3418 | D:4      | Found a radiant altar of Vehumet.
  3445 | D:4      | Reached skill level 5 in Short Blades
  3501 | D:4      | Found a staircase to the Ecumenical Temple.
  3511 | Temple   | Entered the Ecumenical Temple
  3518 | Temple   | Became a worshipper of Dithmenos the Shadowed
  3659 | D:4      | Killed from afar by an orc priest

Vault maps used:
D:1:      minmay_arrival_three_doors
D:2:      overflow_temple_1_default
D:3:      old_standard_altar, minmay_unequal
D:4:      lemuel_zombie_altar_kikubaaqudgha, vehumet_altar_wand_db,
          gammafunk_temple_overflow_pools, lemuel_round_altar,
          minmay_temple_entry_overgrown, nrook_mini_vaults
Temple:   nicolae_temple_x_marks_the_god

Skill      XL: |  1  2  3  4  5  6  7 |
---------------+----------------------+-----
Short Blades   | 3 4 5 |  5.2
Armour         | 4 |  4.4
Dodging        | 1 2 |  2.1
Shields        | 4 |  4.4
Fighting       | 3 |  3.8
Slings         | 2 3 |  3.9

Action                   |  1- 3 |  4- 6 |  7- 9 || total
-------------------------+-------+-------+-------++-------
Melee: Rapier            |    96 |   160 |       ||   256
       Dagger            |       |    31 |   111 ||   142
 Fire: Hunting sling     |       |    40 |    15 ||    55
Throw: Throwing net      |       |     1 |       ||     1
  Use: Potion            |     1 |       |       ||     1
       Scroll            |       |     1 |       ||     1
  Eat: Chunk             |       |     8 |     1 ||     9
Armor: Scale mail        |    29 |    60 |    32 ||   121
Dodge: Dodged            |    44 |    71 |    32 ||   147
Block: Shield            |    58 |    88 |    52 ||   198

Table legend:
 A = Non-vault XP
 B = Vault XP
 C = Vault XP percentage of total XP
 D = Non-vault monster count
 E = Vault monster count
 F = Vault count percentage of total count
                 A         B        C        D         E       F
            +---------+---------+-------+---------+---------+-------
      Total |     713 |       9 |   1.2 |      84 |       3 |   3.4
            +---------+---------+-------+---------+---------+-------
        D:1 |      80 |       0 |   0.0 |      28 |       0 |   0.0
        D:2 |     150 |       0 |   0.0 |      21 |       0 |   0.0
        D:3 |     243 |       8 |   3.2 |      20 |       2 |   9.1
        D:4 |     240 |       1 |   0.4 |      15 |       1 |   6.2
            +---------+---------+-------+---------+---------+-------
